 Dungeon Crawl Stone Soup version 0.22-a0-480-g991dd4b (webtiles) character file.

110 epen the Insei (level 4, 0/43 HPs)
             Began as an Octopode Transmuter on June 17, 2018.
             Slain by an orc wizard
             ... wielding a +0 dagger
              (1 damage)
             ... on level 3 of the Dungeon.
             The game lasted 00:03:34 (2306 turns).

epen the Insei (Octopode Transmuter)                Turns: 2306, Time: 00:03:35

Health: 0/43       AC: 22    Str: 14    XL:     4   Next: 91%
Magic:  4/7        EV:  2    Int: 14    God:
Gold:   89         SH:  0    Dex: 17    Spells: 2/8 levels left

rFire    + . .     SeeInvis .     - Unarmed
rCold    . . .     Gourm    .   (no shield)
rNeg     + + +     Faith    .   (helmet currently unavailable)
rPois    +         Spirit   .   (no amulet)
rElec    .         Reflect  .   g - ring of flight
rCorr    .         Harm     .   j - ring of protection from fire
MR       .....     NoTele   +   (no ring)
Stlth    ++........             (no ring)
HPRegen  0.14/turn              (no ring)
MPRegen  0.10/turn              (no ring)
                                (no ring)
                                (no ring)

@: confused, mighty, agile, tree-form, very slightly contaminated, hasted, very
quick
A: almost no armour, stealthy swim, (amphibious), 8 rings, (constrict 8), dopey
1
a: no special abilities


You were on level 3 of the Dungeon.
You were very hungry.
You were a tree.
You visited 1 branch of the dungeon, and saw 3 of its levels.

You collected 89 gold pieces.

Inventory:

Missiles
 a - 26 arrows
Jewellery
 g - a ring of flight (left branch)
 j - a ring of protection from fire (right branch)
Wands
 o - a wand of iceblast (8)
Scrolls
 f - 2 scrolls of teleportation
 i - a scroll of remove curse {unknown}
 l - a scroll of magic mapping {unknown}
 n - 2 scrolls of identify {unknown}
 r - a scroll of fear {unknown}
Potions
 p - a potion of flight
Comestibles
 c - 4 rations


   Skills:
 + Level 2.0 Fighting
 + Level 2.5 Dodging
 * Level 4.0 Unarmed Combat
 + Level 2.6 Spellcasting
 + Level 2.6 Transmutations


You had 2 spell levels left.
You knew the following spells:

 Your Spells              Type           Power        Failure   Level  Hunger
a - Beastly Appendage     Tmut           #.....       8%          1    #......
b - Sticks to Snakes      Tmut           #.......     12%         2    ###....
c - Spider Form           Tmut/Pois      #.........   36%         3    ###....

Your spell library contained the following spells:

 Spells                   Type           Power        Failure   Level  Hunger
 Blade Hands              Tmut           #.........   91%         5    ######.
 Ice Form                 Ice/Tmut       #.......     78%         4    #####..


Dungeon Overview and Level Annotations

Branches:
Dungeon (3/15)

Altars:
Wu Jian


Innate Abilities, Weirdness & Mutations

You cannot wear most types of armour.
You are very stealthy in the water. (Stealth+)
((You are amphibious.))
You can wear up to eight rings at the same time.
((You can use your tentacles to constrict eight enemies at once.))
((Your skin changes colour to match your surroundings (Stealth+).))
((Your rubbery body absorbs attacks. (AC +1, EV +1)))
((One of your tentacles bears a spike.))
You are dopey. (Int -2)


Message History

* * * LOW HITPOINT WARNING * * *
The orc hits you but does no damage.
You closely miss something. Something hits you.
* * * LOW HITPOINT WARNING * * *
It was a potion of flight.
Your roots keep you in place.
The orc hits you but does no damage. x2; Something hits you but does no damage.
You barely miss something. The orc hits you but does no damage. x2
You hear some strange, mumbled words.
You are confused.
It was a potion of might.
You feel very mighty all of a sudden. The orc hits you but does no damage.
The orc hits you with a whip.
* * * LOW HITPOINT WARNING * * *
Something hits you but does no damage.
It was a potion of agility.
You feel agile all of a sudden.
The orc hits you but does no damage. x2; Something hits you but does no damage.
It was a potion of haste.
You feel yourself speed up.
The orc hits you but does no damage. x2; Something hits you.
You die...

.. ... # ....#
####.# ......###
#...>.#
......o♣##..o...#
...###o{[........
#........#....
.............# #
....##...##.#.#
#### #..$# .# #
#.... .. ..### $.
#.# ...


You could see 2 orcs.

Vanquished Creatures
  Terence (D:2)
  2 adders (D:2)
  2 oozes (D:1)
  3 worms (D:2)
  2 leopard geckos
  2 orcs (D:3)
  4 bats
  4 goblins
  3 hobgoblins
  6 jackals (D:2)
  A quokka (D:2)
  2 ball pythons
  6 frilled lizards
  3 kobolds (D:1)
  4 rats
45 creatures vanquished.

Vanquished Creatures (collateral kills)
  A worm (D:2)
1 creature vanquished.

Grand Total: 46 creatures vanquished

Notes
Turn   | Place    | Note
-------+----------+-------------------------------------------
     0 | D:1      | epen the Octopode Transmuter began the quest for the Orb.
     0 | D:1      | Reached XP level 1. HP: 13/13 MP: 3/3
    83 | D:1      | Reached XP level 2. HP: 18/18 MP: 5/5
    89 | D:1      | Learned a level 2 spell: Sticks to Snakes
   527 | D:1      | Reached XP level 3. HP: 16/23 MP: 6/6
   902 | D:1      | Learned a level 3 spell: Spider Form
   915 | D:2      | Noticed Terence
   927 | D:2      | Killed Terence
   967 | D:2      | Reached XP level 4. HP: 24/29 MP: 7/7
  1751 | D:2      | Found an ornate altar of the Wu Jian Council.
  2275 | D:3      | Reached skill level 4 in Unarmed Combat
  2284 | D:3      | Gained mutation: You are dopey. (Int -2) [potion of mutation]
  2284 | D:3      | Gained mutation: One of your tentacles bears a spike. [potion of mutation]
  2289 | D:3      | HP: 1/29 [something (6)]
  2301 | D:3      | HP: 2/43 [something (1)]
  2306 | D:3      | Slain by an orc wizard

Vault maps used:
D:1:      zelgadis_glass_arrival_small, hex_medium
D:2:      lemuel_crystal_altar, uniq_terence
D:3:      nicolae_overflow_crystal_walls, gup_sewer_entry_bowl,
          solitary_fountain, tso_metal_star, uniq_jessica

Skill      XL: |  1  2  3  4 |
---------------+-------------+-----
Unarmed Combat | 4 |  4.0
Fighting       | 2 |  2.0
Dodging        | |  2.5
Spellcasting   | |  2.6
Transmutations | |  2.6

Action                   |  1- 3 |  4- 6 || total
-------------------------+-------+-------++-------
Melee: Unarmed           |    53 |    86 ||   139
       Constrict         |     8 |    15 ||    23
       Tentacles         |     3 |     7 ||    10
       Punch             |     1 |       ||     1
       Kick              |       |     1 ||     1
 Cast: Spider Form       |     1 |     2 ||     3
       Sticks to Snakes  |       |     2 ||     2
  Use: Potion            |       |     9 ||     9
       Scroll            |       |     2 ||     2
 Stab: Sleeping          |     9 |     1 ||    10
  Eat: Chunk             |       |     4 ||     4
Armor: Skin              |     6 |    38 ||    44
Dodge: Dodged            |    35 |    75 ||   110

Table legend:
 A = Spawn XP
 B = Non-spawn XP
 C = Spawn XP percentage of total XP
 D = Spawn monster count
 E = Non-spawn monster count
 F = Spawn count percentage of total count
 G = Total turns spent on level
                    A         B        C        D         E        F      G
               +---------+---------+-------+---------+---------+-------+---------
         Total |       0 |     158 |   0.0 |       0 |      46 |   0.0 |  2306
               +---------+---------+-------+---------+---------+-------+---------
           D:1 |       0 |      37 |   0.0 |       0 |      18 |   0.0 |  1171
           D:2 |       0 |     113 |   0.0 |       0 |      25 |   0.0 |  1091
           D:3 |       0 |       8 |   0.0 |       0 |       3 |   0.0 |    44
               +---------+---------+-------+---------+---------+-------+---------
